 Dungeon Crawl Stone Soup version 0.27-a0-1200-g94dc6ad4cf (webtiles) character file.

Game seed: 7608843948402364724

194 spiderkeys the Poker (level 5, -2/43 HPs)
             Began as a Merfolk Abyssal Knight on June 1, 2021.
             Was a Believer of Lugonu.
             Splashed by a jelly's acid (4 damage)
             ... on level 4 of the Dungeon.
             The game lasted 00:04:12 (2601 turns).

spiderkeys the Poker (Merfolk Abyssal Knight)       Turns: 2601, Time: 00:04:13

Health: -2/43      AC:  3    Str: 13    XL:     5   Next: 73%
Magic:  7/7        EV: 12    Int: 12    God:    Lugonu [**....]
Gold:   54         SH:  0    Dex: 13    Spells: 4/4 levels left

rFire    . . .     SeeInvis +   a - +2 spear
rCold    . . .     Faith    .   (no shield)
rNeg     . . .     Spirit   .   m - +1 ring mail {rPois}
rPois    +         Reflect  .   (no helmet)
rElec    .         Harm     .   (no cloak)
rCorr    .         Rampage  .   j - +0 pair of gloves
Will     .....                  (no boots)
Stlth    +.........             (no amulet)
HPRegen  0.14/turn              O - +4 ring of protection
MPRegen  0.10/turn              v - ring of see invisible

@: corroded
A: (nimble swimmer 2), mertail
a: Renounce Religion, Depart the Abyss, Bend Space


You were on level 4 of the Dungeon.
You worshipped Lugonu.
Lugonu was pleased with you.
You visited 1 branch of the dungeon, and saw 4 of its levels.
You visited the Abyss 1 time.

You collected 54 gold pieces.


Innate Abilities, Weirdness & Mutations

((You are quick and stealthy near water. (Stealth+, EV+, Speed+++)))
Your lower body shifts to a powerful aquatic tail in water.


   Skills:
 + Level 4.4 Fighting
 + Level 4.8 Polearms
 - Level 0.6 Armour
 + Level 4.4 Dodging
 + Level 3.4 Invocations


You had 4 spell levels left.
You didn't know any spells.
Your spell library contained the following spells:

 Spells                   Type           Power      Damage    Failure   Level
 Magic Dart               Conj           0%         1d3       56%         1
 Static Discharge         Conj/Air       0%         N/A       71%         2
 Iskenderun's Mystic Bla  Conj/Tloc      0%         2d3       100%        4
 Iron Shot                Conj/Erth      0%         9d1       100%        6
 Spellforged Servitor     Conj/Summ      0%         N/A       100%        7

Inventory:

Hand Weapons
 a - a +2 spear (weapon)
Missiles
 g - 70 stones
 h - 65 arrows
 n - 8 poisoned darts
 p - 44 bolts
Armour
 b - a +0 leather armour
 j - a +0 pair of gloves (worn)
   (You found it on level 2 of the Dungeon)
 m - a +1 ring mail of poison resistance (worn)
   (You found it on level 3 of the Dungeon)
Jewellery
 v - a ring of see invisible (right hand)
   (You found it on level 3 of the Dungeon)
 O - a +4 ring of protection (left hand)
   (You found it on level 2 of the Abyss)
Wands
 k - a wand of mindburst (23)
   (You found it on level 2 of the Dungeon)
Scrolls
 l - a scroll of identify {@r1}
 o - a scroll of teleportation {@r4}
Potions
 c - a potion of lignification {!q}
 d - a potion of curing {unknown}
 e - a potion of degeneration {unknown}
 f - a potion of resistance {unknown}
 i - a potion of mutation {unknown}

Dungeon Overview and Level Annotations

Branches:
Dungeon (4/15)             Temple (0/1) D:4

Altars:
Fedhas
Ru

Shops:
D:2 (?   D:3 (:[*? D:4

= ##.##..#.$##.#
#.....# .....#
##...##....#
##..........##
#.!....#.....#
#..$.....#...# ####
............?# #..#
.............# #..#
.............# #@.#
.............###J.#
.....#.....JK..s###
...#.##.#...Z..##
...###..####..##
...###.## ####
....#$..# ........#
...##...###


You could see a scorpion and a jelly.


Message History

😕 HP[-4]
You take 4 damage, and now have 33/43 hp.
The jelly jiggles. 😕 HP[+1]
You hear the quick rusting of a drain nearby.
The adder bites you. 😮 HP[-3]
You take 3 damage, and now have 31/43 hp.
The adder bites you but does no damage. The adder barely misses you.
The adder bites you but does no damage.
The jelly jiggles. 😮 HP[+1]
The adder misses you.
The adder completely misses you. 😕 HP[+1]
The adder closely misses you.
You miss the adder. The adder bites you but does no damage.
You hit the adder. The adder bites you but does no damage.
You hit the adder. The adder barely misses you.
You closely miss the adder. The adder misses you.
You hit the adder. The adder bites you.
You are poisoned.
The adder poisons you! 😮 HP[-1]
You take 1 damage, and now have 32/43 hp.
You hit the adder.
You kill the adder!
Lugonu accepts your kill.
You feel sick.
You miss the adder.
You feel sick. The adder bites you.
You puncture the adder!
You feel sick. The adder barely misses you.
Unknown command.
You hit the adder.
You feel sick.
You are no longer poisoned.
The adder barely misses you. The adder misses you.
You hit the adder.
You kill the adder!
Lugonu accepts your kill. 😮 HP[-4]
You take 4 damage, and now have 28/43 hp.
You hit the kobold.
You kill the kobold!
Lugonu accepts your kill.
You hit the endoplasm. The endoplasm freezes you.
You are frozen.
Unknown command. 😮 HP[-5]
You take 5 damage, and now have 23/43 hp.
You hit the endoplasm.
You kill the endoplasm!
Lugonu accepts your kill.
You barely miss the goblin. The goblin hits you but does no damage.
You closely miss the goblin. The goblin barely misses you. 😮 HP[+1]
You closely miss the goblin. The goblin hits you but does no damage.
You hit the goblin but do no damage. The goblin closely misses you.
Unknown command.
You hit the goblin. You barely miss the goblin.
The goblin hits you with a +0 dagger.
* * * LOW HITPOINT WARNING * * *
😨 HP[-3]
You take 3 damage, and now have 21/43 hp.
You hit the goblin.
You kill the goblin!
Lugonu accepts your kill.
You hit the jelly. The acid corrodes you!
Your hands burn!
* * * LOW HITPOINT WARNING * * *
The jelly hits you but does no damage. 😨 HP[-4]
You take 4 damage, and now have 17/43 hp.
Your ring mail prevents you from hitting the jelly.
The jelly hits you but does no damage.
You hit the jelly but do no damage.
Your hands burn!
* * * LOW HITPOINT WARNING * * *
The jelly hits you but does no damage. 😨 HP[-2]
You take 2 damage, and now have 15/43 hp.
You hit the jelly but do no damage.
Your hands burn!
* * * LOW HITPOINT WARNING * * *
The jelly barely misses you. 😨 HP[-4]
You take 4 damage, and now have 11/43 hp.
Unknown command.
You hit the jelly but do no damage. The acid corrodes you!
Your hands burn!
* * * LOW HITPOINT WARNING * * *
😱 HP[-2]
You take 2 damage, and now have 9/43 hp.
You hit the jelly but do no damage.
Your hands burn!
* * * LOW HITPOINT WARNING * * *
The jelly misses you. 😱 HP[-3]
You take 3 damage, and now have 6/43 hp.
You hit the jelly but do no damage.
Your hands burn!
* * * LOW HITPOINT WARNING * * *
The jelly closely misses you. 😱 HP[-4]
You take 4 damage, and now have 2/43 hp.
You hit the jelly but do no damage.
Your hands burn!
You die...

Skill      XL: |  1  2  3  4 |
---------------+-------------+-----
Dodging        | 3 4 |  4.4
Polearms       | 4 |  4.8
Fighting       | 4 |  4.4
Invocations    | 3 |  3.4
Armour         | |  0.6

Action                   |  1- 3 |  4- 6 || total
-------------------------+-------+-------++-------
Melee: Spear             |   101 |   120 ||   221
Invok: Depart the Abyss  |     1 |       ||     1
  Use: Scroll            |     5 |     2 ||     7
 Stab: Sleeping          |     3 |       ||     3
Armor: Leather armour    |    29 |     1 ||    30
       Ring mail         |       |    40 ||    40
Dodge: Dodged            |    64 |    59 ||   123

Levels and vault maps discovered:
D:1:      tarquinn_simple_flora_water_f, layout_basic,
          hellmonk_ecumenical_altar_zigzags
D:2:      layout_loops_ring, serial_shops, shop, nicolae_shop_crystal,
          nicolae_shop_window_shopping
D:3:      layout_loops_corners, fedhas_altar_1, serial_shops,
          nicolae_shop_overgrown_old_shop, nicolae_shop_waterfront,
          nicolae_shop_behind_doors, shop_statue, nicolae_shop_window_shopping
D:4:      cheibrodos_old_hovel, layout_cave_pools,
          nicolae_ru_sacrificial_ziggurat, minmay_temple_entry_from_below_a,
          serial_shops, shop, portal_sewer_entry_d

Notes
Turn   | Place    | Note
-------+----------+-------------------------------------------
     0 | Abyss:1  | spiderkeys the Merfolk Abyssal Knight began the quest for
                  | the Orb.
     0 | Abyss:1  | Reached XP level 1. HP: 18/18 MP: 2/2
     0 | Abyss:1  | magus.rc [v1.9.10]
    78 | Abyss:2  | Noticed a small abomination
    88 | Abyss:2  | Noticed a starcursed mass
    90 | D:1      | You pass through the gate.
    90 | D:1      | Escaped the Abyss
   256 | D:1      | Found a faded altar of an unknown god.
   330 | D:1      | Reached XP level 2. HP: 23/24 MP: 3/3
   347 | D:1      | Reached * piety under Lugonu
   350 | D:1      | Reached skill level 3 in Dodging
   454 | D:1      | You fall into a shaft and drop 1 floor!
   607 | D:2      | Found Itiodail's Magic Scroll Emporium.
   644 | D:2      | Reached XP level 3. HP: 29/29 MP: 4/4
   671 | D:2      | Found Dofizietu's Magic Scroll Emporium.
  1085 | D:2      | Found Hapich's Antique Weapon Shoppe.
  1098 | D:2      | Identified the Guide on Combat Magic
  1099 | D:2      | You add the spells Magic Dart, Static Discharge,
                  | Iskenderun's Mystic Blast, Iron Shot and Spellforged
                  | Servitor to your library.
  1155 | D:2      | Reached skill level 4 in Polearms
  1155 | D:2      | Reached XP level 4. HP: 37/37 MP: 6/6
  1344 | D:3      | Found Weqesch's Assorted Antiques.
  1356 | D:3      | Reached ** piety under Lugonu
  1682 | D:3      | Found Aqugouzuva's Book Emporium.
  1771 | D:3      | Found Wusajaef's Armour Shop.
  1826 | D:3      | Found Tuybopru's Magic Scroll Emporium.
  1850 | D:3      | Found a blossoming altar of Fedhas.
  1854 | D:3      | Reached skill level 4 in Fighting
  1967 | D:3      | Found Zonliri's Weapon Shop.
  2233 | D:4      | Found a sacrificial altar of Ru.
  2247 | D:4      | Reached skill level 3 in Invocations
  2250 | D:4      | Reached skill level 4 in Dodging
  2250 | D:4      | Reached XP level 5. HP: 22/42 MP: 7/7
  2315 | D:4      | Found Cirod's Jewellery Emporium.
  2460 | D:4      | Found a staircase to the Ecumenical Temple.
  2598 | D:4      | HP: 9/43 [acid (2)]
  2600 | D:4      | HP: 2/43 [acid (4)]
  2601 | D:4      | Splashed by a jelly's acid

Vanquished Creatures
  A jelly (D:4)
  A bullfrog skeleton (D:4)
  An iguana (D:4)
  4 adders
  2 worms
  3 dart slugs
  10 bats
  6 endoplasms
  A giant cockroach (D:2)
  5 goblins
  A hobgoblin (D:1)
  2 jackals (D:2)
  5 kobolds
  3 quokkas
  7 ball pythons
  4 frilled lizards
  7 rats
63 creatures vanquished.

Vanquished Creatures (others)
  3 plants (D:4)
3 creatures vanquished.

Grand Total: 66 creatures vanquished

Table legend:
 A = Non-vault XP
 B = Vault XP
 C = Vault XP percentage of total XP
 D = Non-vault monster count
 E = Vault monster count
 F = Vault count percentage of total count
                 A         B        C        D         E       F
            +---------+---------+-------+---------+---------+-------
      Total |     278 |       0 |   0.0 |      63 |       0 |   0.0
            +---------+---------+-------+---------+---------+-------
        D:1 |      18 |       0 |   0.0 |      12 |       0 |   0.0
        D:2 |      71 |       0 |   0.0 |      27 |       0 |   0.0
        D:3 |      32 |       0 |   0.0 |      14 |       0 |   0.0
        D:4 |     157 |       0 |   0.0 |      10 |       0 |   0.0
            +---------+---------+-------+---------+---------+-------

Illustrated notes

Table legend:
 A = Kills in this place as a percentage of kills in entire the game.
 B = Kills by you in this place as a percentage of kills by you in the entire game.
 C = Kills by friends in this place as a percentage of kills by friends in the entire game.
 D = Other kills in this place as a percentage of other kills in the entire game.
 E = Experience gained in this place as a percentage of experience gained in the entire game.
 F = Experience gained in this place divided by the number of levels of this place that you have seen.
                   A       B       C       D       E      F
               +-------+-------+-------+-------+-------+----------------------
         Total | 100.0 | 100.0 |   N/A |   N/A | 100.0 |  46.3
       Dungeon | 100.0 | 100.0 |   N/A |   N/A | 100.0 |  69.5
               +-------+-------+-------+-------+-------+----------------------

Table legend: (Time is in decaauts)
 A = Elapsed time spent in this place.
 B = Non-inter-level travel time spent in this place.
 C = Inter-level travel time spent in this place.
 D = Time resting spent in this place.
 E = Time spent auto-exploring this place.
 F = Levels seen in this place.
 G = Mean time per level.
                   A        B        C        D        E       F      G
               +--------+--------+--------+--------+--------+-----+--------+
         Total |   2577 |   2533 |     44 |      0 |   1972 |   6 |  429.5 |
       Dungeon |   2487 |   2443 |     44 |      0 |   1910 |   4 |  621.8 |
         Abyss |     89 |     89 |      0 |      0 |     62 |   2 |   44.5 |
               +--------+--------+--------+--------+--------+-----+--------+

Top non-repeatable levels by time:
     D:2: 882 daAuts
     D:3: 866 daAuts
     D:4: 376 daAuts
     D:1: 361 daAuts
 Abyss:1: 49 daAuts
 Abyss:2: 40 daAuts
